AoeStats
← [GG] Shevchenko 7

Arena

507647047Analyzed
3v3 RM · 15d ago on Sep 19, 2026· 51m 55s· 6 players
Game mode
Random Map
Map size
Normal (6 player)
Population
200
Speed
Normal
Resources
Standard
Victory
Conquest
Starting age
Dark Age
Ending age
Imperial Age
RankedLock teamsTeams togetherTeam positionsShared explorationLock speedFull tech treeHidden civsTurbo modeCheats
Victory
Defeat
1014
+15
🇧🇷 Malians · Brazil
976
+17
🇧🇷 Lithuanians · Brazil
973
+17
🇲🇽 Spanish · Mexico
1051
-18
🇲🇽 Slavs · Mexico
982
-16
🇲🇽 Sicilians · Mexico
955
-15
[GG] Shevchenko 7
10:30 Feudal Age
9:44 Loom
15:07 Castle Age
14:45 Double-Bit Axe
16:57 Bow Saw
17:30 Fervor
19:03 Sanctity
24:05 Scale Barding Armor
28:11 Wheelbarrow
29:52 Hand Cart
33:13 Gold Mining
33:14 Stone Mining
33:14 Horse Collar
35:52 Forging
37:48 Heavy Plow
38:25 Stone Shaft Mining
37:55 Husbandry
40:41 Chain Barding Armor
40:56 Iron Casting
40:24 Scale Mail Armor
44:19 Chain Mail Armor
47:34 Imperial Age
45:22 Light Cavalry
46:12 Bloodlines
47:46 Cavalier
49:03 Plate Barding Armor
50:28 Paladin
50:29 Winged Hussar
51:23 Fletching
51:33 Padded Archer Armor
[GG] Raúl González Blanco
9:57 Feudal Age
14:31 Loom
18:23 Castle Age
17:49 Fletching
17:42 Horse Collar
17:52 Double-Bit Axe
18:58 Bloodlines
21:06 Town Watch
24:11 Elite Skirmisher
26:10 Kamandaran
26:25 Crossbowman
27:54 Bodkin Arrow
29:09 Thumb Ring
29:29 Heavy Plow
29:58 Padded Archer Armor
30:51 Fervor
30:15 Pikeman
36:54 Imperial Age
35:44 Wheelbarrow
36:41 Bloodlines
37:15 Leather Archer Armor
37:05 Scale Barding Armor
37:12 Forging
36:26 Light Cavalry
37:54 Husbandry
38:32 Ring Archer Armor
39:13 Chemistry
39:56 Hussar
41:31 Chain Barding Armor
46:03 Cavalier
48:57 Town Patrol
[GG] Trezeguet
9:56 Feudal Age
11:42 Loom
15:06 Castle Age
13:29 Double-Bit Axe
27:43 Scale Mail Armor
27:53 Forging
37:54 Imperial Age
36:47 Chain Mail Armor
37:07 Iron Casting
37:25 Iron Casting
37:35 Tigui
37:44 Scale Barding Armor
38:57 Wheelbarrow
52:20 Plate Mail Armor
PePe_ToÑo
12:29 Feudal Age
14:36 Loom
17:05 Castle Age
21:24 First Crusade
22:40 Scale Mail Armor
22:38 Arson
23:02 Squires
24:06 Chain Mail Armor
24:37 Forging
27:15 Iron Casting
35:25 Double-Bit Axe
35:29 Horse Collar
38:00 Heavy Plow
41:19 Imperial Age
39:20 Pikeman
42:33 Halberdier
43:36 Elite Skirmisher
47:40 Plate Mail Armor
48:11 Blast Furnace
47:20 Husbandry
47:44 Bloodlines
47:07 Cavalier
DarkenL
10:53 Feudal Age
14:56 Castle Age
14:07 Horse Collar
23:56 Double-Bit Axe
29:01 Wheelbarrow
32:53 Imperial Age
31:04 Gold Mining
32:07 Loom
34:13 Stone Mining
36:08 Pikeman
36:46 Halberdier
37:57 Hand Cart
37:53 Forging
37:43 Scale Mail Armor
38:04 Bow Saw
38:17 Onager
41:28 Stone Shaft Mining
42:37 Iron Casting
42:17 Chain Mail Armor
50:12 Blast Furnace
49:42 Plate Mail Armor
Spartano187
5:19 Loom
11:57 Feudal Age
16:58 Castle Age
15:23 Double-Bit Axe
27:18 Stone Mining
30:15 Gold Mining
32:48 Bow Saw
34:12 Gold Shaft Mining
38:22 Imperial Age
36:37 Wheelbarrow
36:12 Horse Collar
41:12 Conscription
45:33 Pikeman
46:13 Squires
Connection lost

Rejoining the realm…

Still unreachable

The connection could not be restored.

Session expired

The server has moved on; the page needs a fresh start.